 Dungeon Crawl Stone Soup version 0.18.1-5-g4a78601 (webtiles) character file.

561 shmeve the Chopper (level 7, -11/93 HPs)
             Began as a Minotaur Berserker on May 12, 2016.
             Was a Believer of Trog.
             Mangled by an orc warrior
             ... wielding a +0 short sword
              (12 damage)
             ... on level 4 of the Dungeon.
             The game lasted 00:04:33 (2188 turns).

shmeve the Chopper (Minotaur Berserker)             Turns: 2188, Time: 00:04:34

Health: -11/93     AC:  7    Str: 27    XL:     7   Next: 9%
Magic:  6/6        EV: 13    Int:  5    God:    Trog [**....]
Gold:   196        SH:  0    Dex: 10    Spells: 0 memorised, 6 levels left

rFire  . . .     SeeInvis .     a - +0 hand axe
rCold  . . .     Gourm    .     b - +0 animal skin
rNeg   . . .     Faith    .     (no shield)
rPois  .         Spirit   .     (helmet restricted)
rElec  .         Dismiss  .     m - +2 cloak
rCorr  .         Reflect  .     n - +0 pair of gloves
SustAt .         Harm     .     r - +0 pair of boots
MR     ++...                    (no amulet)
Stlth  ..........               (no ring)
                                (no ring)

@: berserking, lethally poisoned (-11 -> -20), regenerating, very quick, very
resistant to hostile enchantments, extremely unstealthy
A: retaliatory headbutt, horns 2
a: Berserk, Trog's Hand, Burn Spellbooks, Renounce Religion


You were on level 4 of the Dungeon.
You worshipped Trog.
Trog was pleased with you.
You were not hungry.

You visited 1 branch of the dungeon, and saw 4 of its levels.

You collected 196 gold pieces.

Inventory:

Hand Weapons
 a - a +0 hand axe (weapon)
Armour
 b - a +0 animal skin (worn)
 m - a +2 cloak (worn)
 n - a +0 pair of gloves (worn)
 r - a +0 pair of boots (worn)
 t - a +0 shield
Wands
 d - a wand of digging (2/24)
Scrolls
 f - a scroll of magic mapping {unknown}
 g - a scroll of amnesia {unknown}
 i - 2 scrolls of remove curse {unknown}
 j - 4 scrolls of recharging {unknown}
 k - a scroll of blinking {unknown}
 o - 2 scrolls of random uselessness {unknown}
 q - 2 scrolls of identify {unknown}
 v - a scroll of fog {unknown}
Potions
 e - a potion of mutation {unknown}
 h - a potion of magic {unknown}
 l - a potion of heal wounds {unknown}
 p - 3 potions of ambrosia {unknown}
 s - 2 potions of resistance {unknown}
 u - 2 potions of curing {unknown}
Comestibles
 c - 4 bread rations


   Skills:
 - Level 5.7 Fighting
 - Level 5.7 Axes
 - Level 2.1 Throwing
 - Level 3.9 Armour
 - Level 3.4 Dodging
 + Level 3.6 Shields


You had 6 spell levels left.
You didn't know any spells.

Dungeon Overview and Level Annotations

Branches:
Dungeon (4/15)
 Temple: D:4-7

Altars:
Elyvilon


Innate Abilities, Weirdness & Mutations

You reflexively headbutt those who attack you in melee.
You have a pair of horns on your head.


Message History

The water moccasin is severely wounded.
You barely miss the orc wizard.
* * * LOW HITPOINT WARNING * * *
You feel sick.
The water moccasin bites you but does no damage.
You closely miss the orc warrior.
The orc warrior is heavily wounded.
You closely miss the water moccasin.
The water moccasin is severely wounded.
You hit the orc wizard but do no damage.
* * * LOW HITPOINT WARNING * * *
You feel very sick. The water moccasin barely misses you.
You furiously retaliate!
You headbutt the water moccasin!
You kill the water moccasin!
Trog accepts your kill.
Your Shields skill increases to level 3!
You have reached level 7!
The orc warrior hits you with a short sword!
You die...

#..##. #....... #.... ..
#..# ..# # ####..##..#
.!##### ##..........
.......######...........
......oo......).........
#...@.##....##.)##..#
##..†..########..##..#
..........'.............
..........#.............
..##.....##....##.......
. ##+#####....##..###.#
#.....##..###.#
#..............
#########......


You could see an orc warrior and an orc wizard.

Vanquished Creatures
  Grinder (D:3)
  A water moccasin (D:4)
  A hound (D:4)
  Crazy Yiuf (D:2)
  Jessica (D:3)
  A worker ant (D:4)
  Natasha (thrice) (D:2)
  An adder (D:3)
  An ooze (D:3)
  2 worms
  2 dart slugs (D:1)
  2 orcs (D:4)
  A giant cockroach (D:1)
  9 goblins
  7 hobgoblins
  4 jackals (D:2)
  A quokka (D:3)
  6 bats
  6 giant newts
  3 kobolds
  7 rats
61 creatures vanquished.

Notes
Turn   | Place    | Note
--------------------------------------------------------------
     0 | D:1      | shmeve the Minotaur Berserker began the quest for the Orb.
     0 | D:1      | Reached XP level 1. HP: 19/19 MP: 0/0
   212 | D:1      | Reached XP level 2. HP: 26/27 MP: 1/1
   756 | D:2      | Found a white marble altar of Elyvilon.
   780 | D:2      | Noticed Natasha
   782 | D:2      | Reached ** piety under Trog
   787 | D:2      | HP: 2/40 [Natasha/magic dart (4)]
   788 | D:2      | Killed Natasha
   788 | D:2      | Reached XP level 3. HP: 3/33 MP: 2/2
   789 | D:2      | Reached skill level 1 in Throwing
   804 | D:2      | Noticed Natasha
   815 | D:2      | Killed Natasha
   815 | D:2      | Reached XP level 4. HP: 3/41 MP: 3/3
  1104 | D:2      | Noticed Natasha
  1113 | D:2      | Killed Natasha
  1545 | D:2      | Noticed Crazy Yiuf
  1553 | D:2      | Killed Crazy Yiuf
  1553 | D:2      | Reached XP level 5. HP: 44/47 MP: 4/4
  1703 | D:3      | Noticed Jessica
  1707 | D:3      | Killed Jessica
  1707 | D:3      | Reached skill level 5 in Axes
  1734 | D:3      | Found a faded altar to an unknown god.
  1832 | D:3      | Reached skill level 5 in Fighting
  1992 | D:3      | Noticed Grinder
  2005 | D:3      | Killed Grinder
  2005 | D:3      | Reached XP level 6. HP: 57/57 MP: 5/5
  2124 | D:4      | Reached skill level 1 in Shields
  2176 | D:4      | Noticed an orc warrior
  2178 | D:4      | Noticed a water moccasin
  2186 | D:4      | HP: 4/85 [poisoned by a water moccasin]
  2188 | D:4      | HP: 1/85 [poisoned by a water moccasin]
  2188 | D:4      | Killed a water moccasin
  2188 | D:4      | Reached XP level 7. HP: 1/62 MP: 6/6
  2188 | D:4      | Mangled by an orc warrior

Skill      XL: |  1  2  3  4  5  6 |
---------------+-------------------+-----
Axes           | 4 5 |  5.7
Fighting       | 4 5 |  5.7
Throwing       | 1 2 |  2.1
Armour         | 3 |  3.9
Dodging        | 3 |  3.4
Shields        | 3 |  3.6

Action                   |  1- 3 |  4- 6 |  7- 9 || total
-------------------------+-------+-------+-------++-------
Melee: Hand axe          |    37 |    84 |       ||   121
       Headbutt          |    10 |    11 |       ||    21
Throw: Tomahawk          |     7 |       |       ||     7
Invok: Berserk           |     1 |     2 |       ||     3
       Trog's Hand       |     1 |     2 |       ||     3
 Stab: Sleeping          |     1 |       |       ||     1
  Eat: Chunk             |     1 |     4 |       ||     5
       Bread ration      |       |     1 |       ||     1
Armor: Animal skin       |     3 |    22 |       ||    25
Dodge: Dodged            |    24 |    67 |       ||    91
